| TOP OF THE 1ST |
|
Waterbury Rough Riders batting - Pitching for Elmira Pioneers : LHP Bob Patterson
|
|
Pitching: LHP Bob Patterson
|
|
|
Batting: RHB David Daniels
|
0-0: Ball 1-0: Swinging Strike 1-1: Bunt missed! 1-2: Foul Ball, location: 2F 1-2: DOUBLE (Line Drive, 8RD, EV 94.4 MPH)
|
|
Batting: RHB Daniel Purpura
|
0-0: Called Strike 0-1: Foul Ball, location: 2F 0-2: Ball 1-2: Strikes out swinging
|
|
Batting: RHB Billy Beane
|
0-0: Ball Wild Pitch! David Daniels to third 1-0: Foul Ball, location: 2F 1-1: Swinging Strike 1-2: Ball 2-2: Strikes out swinging
|
|
Batting: RHB David Corman
|
0-0: Fly out, F4 (Line Drive, 4, EV 71.9 MPH)
|
| Top of the 1st over - 0 runs, 1 hit, 0 errors, 1 left on base; Waterbury 0 - Elmira 0 |
| BOTTOM OF THE 1ST |
|
Elmira Pioneers batting - Pitching for Waterbury Rough Riders : RHP Steve Smith
|
|
Pitching: RHP Steve Smith
|
|
|
Batting: RHB Ken Dowell
|
0-0: SINGLE (Line Drive, 7S, EV 106.9 MPH)
|
|
Batting: RHB Ron Stinnett
|
0-0: Called Strike 0-1: Ball 1-1: Ball 2-1: Foul Ball, location: 2F 2-2: Strikes out looking
|
|
Batting: RHB Richard Givens
|
0-0: Called Strike 0-1: Ball 1-1: Fly out, F4 (Line Drive, 4, EV 68.8 MPH)
|
|
Batting: RHB Donn Koch
|
0-0: Swinging Strike 0-1: Ball 1-1: Ball 2-1: SINGLE (Line Drive, 34, EV 96.3 MPH) Ken Dowell to second Runner from 2nd tries for 3rd, SAFE, throw by RF made to third
|
|
Batting: RHB Edwin Rodriguez
|
0-0: Foul Ball, location: 2F 0-1: Ball 1-1: Swinging Strike 1-2: Strikes out looking
|
| Bottom of the 1st over - 0 runs, 2 hits, 0 errors, 2 left on base; Waterbury 0 - Elmira 0 |
| TOP OF THE 2ND |
|
Waterbury Rough Riders batting - Pitching for Elmira Pioneers : LHP Bob Patterson
|
|
Batting: RHB Jack Fimple
|
0-0: Swinging Strike 0-1: Ball 1-1: Foul Ball, location: 2F 1-2: Ball 2-2: Strikes out swinging
|
|
Batting: RHB Junior Ortiz
|
0-0: Called Strike 0-1: Ball 1-1: Ball 2-1: SINGLE (Groundball, 56D, EV 96.9 MPH)
|
|
Batting: RHB Enrique Collado
|
0-0: Called Strike 0-1: Called Strike 0-2: Ball 1-2: Fly out, F8 (Flyball, 8LM, EV 89.4 MPH)
|
|
Batting: LHB Wilson Tucker
|
0-0: Ball 1-0: Called Strike 1-1: DOUBLE (Line Drive, 7LM, EV 106.3 MPH) Junior Ortiz to third
|
|
Batting: RHB Jose Quiroz
|
0-0: Ball 1-0: Called Strike 1-1: Ball 2-1: Called Strike 2-2: Strikes out looking
|
| Top of the 2nd over - 0 runs, 2 hits, 0 errors, 2 left on base; Waterbury 0 - Elmira 0 |
| BOTTOM OF THE 2ND |
|
Elmira Pioneers batting - Pitching for Waterbury Rough Riders : RHP Steve Smith
|
|
Batting: SHB Esteban Mendez
|
0-0: Ball 1-0: Foul Ball, location: 2F 1-1: SINGLE (Line Drive, 8LS, EV 108.1 MPH)
|
|
Batting: LHB Juan Flores
|
0-0: Ball 1-0: Ball 2-0: Ball 3-0: Base on Balls Esteban Mendez to second
|
|
Batting: RHB Curtis Cannedy
|
0-0: Fly out, F3 (Flyball, 3D, EV 89.4 MPH)
|
|
Batting: LHB German Barranca
|
0-0: Ball 1-0: Called Strike 1-1: Fielders Choice at 2nd, 3-6 (Groundball, 3, EV 80.6 MPH) Esteban Mendez to third
|
|
Batting: RHB Ken Dowell
|
0-0: SINGLE (Groundball, 6MD, EV 93.8 MPH) Esteban Mendez scores German Barranca to second Runner from 2nd tries for 3rd, SAFE, no throw by CF
|
|
Batting: RHB Ron Stinnett
|
0-0: Ball 1-0: Ball 2-0: Called Strike 2-1: Fielders Choice at 2nd, 5-4 (Groundball, 56, EV 82.5 MPH)
|
| Bottom of the 2nd over - 1 run, 2 hits, 0 errors, 2 left on base; Waterbury 0 - Elmira 1 |
| TOP OF THE 3RD |
|
Waterbury Rough Riders batting - Pitching for Elmira Pioneers : LHP Bob Patterson
|
|
Batting: RHB David Daniels
|
0-0: Ball 1-0: Ball 2-0: Fly out, F8 (Flyball, 8LM, EV 84.4 MPH)
|
|
Batting: RHB Daniel Purpura
|
0-0: Ball 1-0: Ball 2-0: Called Strike 2-1: Ground out 4-3 (Groundball, 4, EV 90.0 MPH)
|
|
Batting: RHB Billy Beane
|
0-0: Called Strike 0-1: Swinging Strike 0-2: Ball 1-2: Ball 2-2: Strikes out swinging
|
| Top of the 3rd over - 0 runs, 0 hits, 0 errors, 0 left on base; Waterbury 0 - Elmira 1 |
| BOTTOM OF THE 3RD |
|
Elmira Pioneers batting - Pitching for Waterbury Rough Riders : RHP Steve Smith
|
|
Batting: RHB Richard Givens
|
0-0: Ball 1-0: Ground out 5-3 (Groundball, 56S, EV 86.9 MPH)
|
|
Batting: RHB Donn Koch
|
0-0: Called Strike 0-1: Ground out 1-3 (Groundball, 13, EV 71.3 MPH)
|
|
Batting: RHB Edwin Rodriguez
|
0-0: Swinging Strike 0-1: Ball 1-1: Ball 2-1: Ball 3-1: Base on Balls
|
|
Batting: SHB Esteban Mendez
|
0-0: Ball Edwin Rodriguez steals 2nd base (no throw) 1-0: Ball 2-0: Called Strike 2-1: Ball 3-1: Ground out 4-3 (Groundball, 4, EV 99.4 MPH)
|
| Bottom of the 3rd over - 0 runs, 0 hits, 0 errors, 1 left on base; Waterbury 0 - Elmira 1 |
| TOP OF THE 4TH |
|
Waterbury Rough Riders batting - Pitching for Elmira Pioneers : LHP Bob Patterson
|
|
Batting: RHB David Corman
|
0-0: Ground out 6-3 (Groundball, 56, EV 99.4 MPH)
|
|
Batting: RHB Jack Fimple
|
0-0: Called Strike 0-1: Ball 1-1: Ball 2-1: Ball 3-1: Base on Balls
|
|
Batting: RHB Junior Ortiz
|
0-0: Called Strike 0-1: Fly out, F8 (Flyball, 8RXD, EV 109.4 MPH)
|
|
Batting: RHB Enrique Collado
|
0-0: Ball 1-0: Ball 2-0: Fielders Choice at 2nd, 5-4 (Groundball, 56, EV 81.9 MPH)
|
| Top of the 4th over - 0 runs, 0 hits, 0 errors, 1 left on base; Waterbury 0 - Elmira 1 |
| BOTTOM OF THE 4TH |
|
Elmira Pioneers batting - Pitching for Waterbury Rough Riders : RHP Steve Smith
|
|
Batting: LHB Juan Flores
|
0-0: Swinging Strike 0-1: DOUBLE (Line Drive, 7LS, EV 101.3 MPH)
|
|
Batting: RHB Curtis Cannedy
|
0-0: Foul Ball, location: 2F 0-1: Ball 1-1: Fly out, F3 (Popup, 3SF, EV 81.9 MPH)
|
|
Batting: LHB German Barranca
|
0-0: Fly out, F8 (Flyball, 8LD, EV 92.5 MPH)
|
|
Batting: RHB Ken Dowell
|
0-0: Foul Ball, location: 2F 0-1: Swinging Strike 0-2: Ball 1-2: SINGLE (Line Drive, 78S, EV 99.4 MPH) Juan Flores to third Runner from 3rd tries for Home, SAFE, throw by CF to home
|
|
Batting: RHB Ron Stinnett
|
0-0: Called Strike 0-1: Ball 1-1: Called Strike 1-2: Ball 2-2: Strikes out swinging
|
| Bottom of the 4th over - 1 run, 2 hits, 0 errors, 1 left on base; Waterbury 0 - Elmira 2 |
| TOP OF THE 5TH |
|
Waterbury Rough Riders batting - Pitching for Elmira Pioneers : LHP Bob Patterson
|
|
Batting: LHB Wilson Tucker
|
0-0: Called Strike 0-1: Ball 1-1: Ball 2-1: Swinging Strike 2-2: Strikes out looking
|
|
Batting: RHB Jose Quiroz
|
0-0: Ground out 6-3 (Groundball, 6, EV 84.4 MPH)
|
|
Batting: RHB David Daniels
|
0-0: Ball 1-0: Ball 2-0: Called Strike 2-1: Foul Ball, location: 2F 2-2: SINGLE (Line Drive, 4D, EV 98.8 MPH)
|
|
Batting: RHB Daniel Purpura
|
0-0: Foul Ball, location: 2F 0-1: Foul Ball, location: 2F 0-2: Ball 1-2: Foul Ball, location: 2F 1-2: Foul Ball, location: 2F 1-2: SINGLE (Groundball, 4MD, EV 106.9 MPH) David Daniels to second Runner from 2nd tries for 3rd, SAFE, throw by CF made to third
|
|
Batting: RHB Billy Beane
|
0-0: Called Strike 0-1: Ball 1-1: Ball 2-1: Called Strike 2-2: Fielders Choice at 2nd, 6-4 (Groundball, 6, EV 81.9 MPH)
|
| Top of the 5th over - 0 runs, 2 hits, 0 errors, 2 left on base; Waterbury 0 - Elmira 2 |
| BOTTOM OF THE 5TH |
|
Elmira Pioneers batting - Pitching for Waterbury Rough Riders : RHP Steve Smith
|
|
Batting: RHB Richard Givens
|
0-0: Called Strike 0-1: Called Strike 0-2: Ground out 4-3 (Groundball, 4, EV 84.4 MPH)
|
|
Batting: RHB Donn Koch
|
0-0: Ball 1-0: Ball 2-0: Foul Ball, location: 2F 2-1: Swinging Strike 2-2: Fly out, F8 (Flyball, 78XD, EV 106.3 MPH)
|
|
Batting: RHB Edwin Rodriguez
|
0-0: Ball 1-0: Ground out U3 (Groundball, 34, EV 84.4 MPH)
|
| Bottom of the 5th over - 0 runs, 0 hits, 0 errors, 0 left on base; Waterbury 0 - Elmira 2 |
| TOP OF THE 6TH |
|
Waterbury Rough Riders batting - Pitching for Elmira Pioneers : LHP Bob Patterson
|
|
Batting: RHB David Corman
|
0-0: Called Strike 0-1: Foul Ball, location: 2F 0-2: Ball 1-2: Strikes out swinging
|
|
Batting: RHB Jack Fimple
|
0-0: Called Strike 0-1: Foul Ball, location: 2F 0-2: Ground out 6-3 (Groundball, 56, EV 109.4 MPH)
|
|
Batting: RHB Junior Ortiz
|
0-0: Ball 1-0: DOUBLE (Flyball, 8RD, EV 91.9 MPH)
|
|
Batting: RHB Enrique Collado
|
0-0: Ball 1-0: Ball 2-0: Ground out 6-3 (Groundball, 6, EV 101.9 MPH)
|
| Top of the 6th over - 0 runs, 1 hit, 0 errors, 1 left on base; Waterbury 0 - Elmira 2 |
| BOTTOM OF THE 6TH |
|
Elmira Pioneers batting - Pitching for Waterbury Rough Riders : RHP Steve Smith
|
|
Batting: SHB Esteban Mendez
|
0-0: Swinging Strike 0-1: Ball 1-1: Ball 2-1: Ball 3-1: Foul Ball, location: 2F 3-2: Foul Ball, location: 2F 3-2: Foul Ball, location: 2F 3-2: Foul Ball, location: 2F 3-2: Base on Balls
|
|
Batting: LHB Juan Flores
|
0-0: Called Strike 0-1: Fly out, F8 (Line Drive, 8RM, EV 86.9 MPH)
|
|
Batting: RHB Curtis Cannedy
|
0-0: Called Strike Esteban Mendez is caught stealing 2nd base 2-4 0-1: Ball 1-1: Foul Ball, location: 2F 1-2: Foul Ball, location: 2F 1-2: Ball 2-2: Ground out 6-3 (Groundball, 6, EV 84.4 MPH)
|
| Bottom of the 6th over - 0 runs, 0 hits, 0 errors, 0 left on base; Waterbury 0 - Elmira 2 |
| TOP OF THE 7TH |
|
Waterbury Rough Riders batting - Pitching for Elmira Pioneers : LHP Bob Patterson
|
|
Batting: LHB Wilson Tucker
|
0-0: Ball 1-0: Ball 2-0: Called Strike 2-1: Ball 3-1: Called Strike 3-2: Strikes out looking
|
|
Batting: RHB Jose Quiroz
|
0-0: SINGLE (Groundball, 4MS, EV 70.0 MPH) (infield hit)
|
|
Batting: RHB David Daniels
|
0-0: Ball 1-0: Foul Ball, location: 2F 1-1: Swinging Strike 1-2: Ball 2-2: Grounds into double play, 6-4-3 (Groundball, 6, EV 85.0 MPH)
|
| Top of the 7th over - 0 runs, 1 hit, 0 errors, 0 left on base; Waterbury 0 - Elmira 2 |
| BOTTOM OF THE 7TH |
|
Elmira Pioneers batting - Pitching for Waterbury Rough Riders : RHP Steve Smith
|
|
Batting: LHB German Barranca
|
0-0: Ball 1-0: Fly out, F9 (Flyball, 89D, EV 93.8 MPH)
|
|
Batting: RHB Ken Dowell
|
0-0: Called Strike 0-1: Foul Ball, location: 2F 0-2: Ball 1-2: Strikes out swinging
|
|
Batting: RHB Ron Stinnett
|
0-0: Ball 1-0: Called Strike 1-1: Foul Ball, location: 2F 1-2: Ball 2-2: Foul Ball, location: 2F 2-2: Foul Ball, location: 2F 2-2: Foul Ball, location: 2F 2-2: Strikes out swinging
|
| Bottom of the 7th over - 0 runs, 0 hits, 0 errors, 0 left on base; Waterbury 0 - Elmira 2 |
| TOP OF THE 8TH |
|
Waterbury Rough Riders batting - Pitching for Elmira Pioneers : LHP Bob Patterson
|
|
Batting: RHB Daniel Purpura
|
0-0: Called Strike 0-1: Foul Ball, location: 2F 0-2: Ball 1-2: Foul Ball, location: 2F 1-2: Ground out 1-3 (Groundball, P, EV 65.6 MPH)
|
|
Batting: RHB Billy Beane
|
0-0: Ball 1-0: Called Strike 1-1: Ball 2-1: Foul Ball, location: 2F 2-2: Ball 3-2: Strikes out looking
|
|
Batting: RHB David Corman
|
0-0: Swinging Strike 0-1: Ball 1-1: Ball 2-1: Foul Ball, location: 2F 2-2: Ground out 6-3 (Groundball, 6M, EV 111.3 MPH)
|
| Top of the 8th over - 0 runs, 0 hits, 0 errors, 0 left on base; Waterbury 0 - Elmira 2 |
| BOTTOM OF THE 8TH |
|
Elmira Pioneers batting - Pitching for Waterbury Rough Riders : RHP Steve Smith
|
|
Batting: RHB Richard Givens
|
0-0: Called Strike 0-1: Ball 1-1: Ground out 5-3 (Groundball, 56, EV 90.0 MPH)
|
|
Batting: RHB Donn Koch
|
0-0: Ball 1-0: Called Strike 1-1: Reached on error, E4 (Groundball, 4, EV 98.8 MPH)
|
|
Batting: RHB Edwin Rodriguez
|
0-0: Ball 1-0: SINGLE (Groundball, 6MD, EV 108.1 MPH) Donn Koch to second
|
|
Batting: SHB Esteban Mendez
|
0-0: Called Strike 0-1: Ball 1-1: Called Strike 1-2: Ball 2-2: Strikes out swinging
|
|
Batting: LHB Juan Flores
|
0-0: Called Strike 0-1: Fly out, F5 (Line Drive, 5, EV 66.3 MPH)
|
| Bottom of the 8th over - 0 runs, 1 hit, 1 error, 2 left on base; Waterbury 0 - Elmira 2 |
| TOP OF THE 9TH |
|
Waterbury Rough Riders batting - Pitching for Elmira Pioneers : LHP Bob Patterson
|
|
Pitching: RHP Alejandro Gallardo
|
|
|
Batting: RHB Jack Fimple
|
0-0: Called Strike 0-1: Swinging Strike 0-2: Ground out 6-3 (Groundball, 6S, EV 84.4 MPH)
|
|
Batting: RHB Junior Ortiz
|
0-0: Called Strike 0-1: Ground out 6-3 (Groundball, 6, EV 104.4 MPH)
|
|
Batting: RHB Enrique Collado
|
0-0: Called Strike 0-1: Ball 1-1: Ball 2-1: Foul Ball, location: 2F 2-2: Ground out 4-3 (Groundball, 4, EV 77.5 MPH)
|
| Top of the 9th over - 0 runs, 0 hits, 0 errors, 0 left on base; Waterbury 0 - Elmira 2 |
|